Unix NetHack Version 5.0.0-0 post-release - last build Jun 10 2026 00:39:30 (3ee93aec679c4c4259841fe613dc97188e26a321,branch:main).

Game began 2026-06-14 09:53:48, ended 2026-06-14 10:51:36.

LDaviesPeters, neutral female human Archeologist

                                          -          -----  ---
                                          |.....  | --e|.----<--
                                           -.G.G......G@..|....--
                                           |-........Gd...).....--
                                           |.....................-
                                        |...........(.............-
                                        |..........--...............
                                        --. | --.-- ---..--..--..|..|
                                         --    --     ---------------
LDaviesPeters the Field Worker  St:10 Dx:9 Co:13 In:16 Wi:18 Ch:12  Neutral
Dlvl:4  $:0  HP:0(38) Pw:29(29) AC:2  Xp:5 T:4115 

Latest messages:
 Boom!
 You see here an empty unlocked large box.
 You descend the stairs.
 Your dog eats an egg.
 You miss the floating eye.
 You are frozen by the floating eye's gaze!
 The dog bites the dwarf.
 The dwarf swings his pick-axe at the dog.
 The dwarf misses the dog.
 The dog bites the dwarf.
 The dwarf swings his pick-axe at the dog.
 The dwarf misses the dog.
 The dog bites the dwarf.
 The dwarf is killed!
 The gnome hits!
 The dog bites it.
 It misses the dog.
 The dog misses it.
 The gnome misses!
 The dog misses it.
 The dog misses it.
 You hear crashing rock.
 The dog bites it.
 It hits the dog.
 The dog bites it.
 The dog bites it.
 It misses the dog.
 The dog bites it.
 It misses the dog.
 The gnome lord picks up a hooded cloak.
 The gnome hits!
 The dog bites the gnome lord.
 The gnome lord is killed!
 The gnome hits!
 The gnome misses!
 The gnome just misses!
 The gnome hits!
 The gnome hits!
 The dog bites the gnome.
 The gnome misses the dog.
 The gnome hits!
 The dog bites the gnome.
 The gnome is killed!
 Your dog eats a gnome corpse.
 The gnome hits!
 The gnome hits!
 The gnome hits!
 The gnome hits!
 You die...
 Do you want your possessions identified? [ynq] (y) q

Inventory:
 Weapons  (')')
  L - 9 +2 darts (at the ready)
  o - 2 +0 darts
  Y - 2 +0 daggers
  a - a +2 bullwhip (weapon in right hand)
 Armor    ('[')
  j - an uncursed +0 helm of brilliance (being worn)
  t - an uncursed +0 cloak of displacement (being worn)
  m - an uncursed +0 dwarvish mithril-coat (being worn)
 Comestibles  ('%')
  d - an uncursed food ration
 Tools    ('(')
  b - an uncursed sack containing 2 items
  i - a magic marker (0:19)
  f - a tinning kit (0:97)
 Gems/Stones  ('*')
  V - an uncursed jade stone
  g - an uncursed touchstone

Contents of the sack:
  757 gold pieces
  a +0 pick-axe

LDaviesPeters the Archeologist's attributes:

Background:
 You were a Field Worker, a level 5 female human Archeologist.
 You were neutral, nominally on a mission for Camaxtli
 who was opposed by Quetzalcoatl (lawful) and Huhetotl (chaotic).
 You were right-handed.
 You were in the Gnomish Mines, on level 4.
 You entered the dungeon 4115 turns ago.
 There was a new moon in effect when your adventure ended.
 You had 161 experience points, 159 more were needed to attain level 6.

Basics:
 You had 0 out of 38 hit points.
 You had all 29 energy points (spell power).
 Your armor class was 2.
 Your wallet was empty, but
 you had 757 zorkmids stashed away in your pack.
 Autopickup was off.

Final Characteristics:
 Your strength was 10 (limit:18/100).
 Your dexterity was 9 (limit:18).
 Your constitution was 13 (limit:18).
 Your intelligence was 16 (limit:18).
 Your wisdom was 18 (limit:18).
 Your charisma was 12 (limit:18).

Final Status:
 You weren't hungry.
 You were unencumbered.
 You were wielding a whip.
 You were skilled in whip.

Final Attributes:
 You were piously aligned.
 You had automatic searching.
 You were displaced.
 You were stealthy.
 You were guarded.
 Your spell casting was impaired by metallic armor.
 You are dead.

Miscellaneous:
 You didn't encounter any bones levels.
 Total elapsed playing time was 57 minutes and 48 seconds.

Major events:
 Turn
    1: LDaviesPeters the neutral female human Archeologist entered the dungeon
 1289: entered the Gnomish Mines
 1293: attained the rank of Field Worker (level 3)
 4115: killed by a gnome, while frozen by a floating eye's gaze

Spells:
 Name                 Level Category     Fail Retention
 cause fear             3   enchantment  100%  76%-100%

Skills:
 Fighting Skills
   bare handed combat [Unskilled]
   two weapon combat  [Unskilled]
   riding             [Unskilled]
 Weapon Skills
   dagger             [Unskilled]
   knife              [Unskilled]
   pick-axe           [Basic]
   short sword        [Unskilled]
   saber              [Unskilled]
   club               [Unskilled]
   quarterstaff       [Unskilled]
   sling              [Unskilled]
   dart               [Unskilled]
   boomerang          [Unskilled]
   whip               [Skilled]
   unicorn horn       [Unskilled]
 Spellcasting Skills
   attack spells      [Unskilled]
   healing spells     [Unskilled]
   divination spells  [Unskilled]
   matter spells      [Unskilled]

Voluntary challenges:
 Character rerolling was not enabled.
 You were an atheist.
 You never genocided any monsters.
 You never polymorphed an object.
 You never changed form.
 You used no wishes.
Achievements:
 You entered a shop.
 You entered the Gnomish Mines.
 You attained the rank of Field Worker.

 The Dungeons of Doom: levels 1 to 6
    Level 1:
       A sink.
    Level 2:
       A weapon shop, a fountain.
    Level 3:
       A fountain.
       Stairs down to The Gnomish Mines.
    Level 4:
    Level 5:
       A scroll shop.
    Level 6:
 The Gnomish Mines:
    Level 4: <- You were here.
       Final resting place for
          you, killed by a gnome, while frozen by a floating eye's gaze.


Vanquished creatures:
  2 rock piercers
  a pony
  a fog cloud
  2 gnome leaders
  2 giant ants
  a little dog
  a floating eye
  a kitten
  a dwarf
  2 homunculi
  2 rothes
  a monkey
  2 iguanas
  2 acid blobs
  a gas spore
  2 hobbits
  2 manes
  a large kobold
  a hobgoblin
  a cave spider
  2 gnomes
  a gnome zombie
  2 geckos
  3 jackals
  a kobold
  2 sewer rats
 12 grid bugs
  2 bats
  a lichen
  2 kobold zombies
  9 newts
66 creatures vanquished.

No species were genocided or became extinct.

Game over:
                       ----------
                      /          \
                     /    REST    \
                    /      IN      \
                   /     PEACE      \
                  /                  \
                  |  LDaviesPeters   |
                  |      757 Au      |
                  |   killed by a    |
                  |      gnome       |
                  |                  |
                  |                  |
                  |       2026       |
                 *|     *  *  *      | *
        _________)/\\_//(\/(/\)/\//\/|_)_______

Goodbye LDaviesPeters the Archeologist...

You died in The Gnomish Mines on dungeon level 4 with 1576 points,
and 757 pieces of gold, after 4115 moves.
You were level 5 with a maximum of 38 hit points when you died.

